 Dungeon Crawl Stone Soup version 0.25-a0-41-g6cf4ce537d (webtiles) character file.

Game seed: 1361395937689225558, levelgen mode: deterministic

121954 Flugkiller the Nimble (level 16, -9/139 HPs)
             Began as an Octopode Enchanter on Oct 21, 2019.
             Was the Champion of Nemelex Xobeh.
             Mangled by an entropy weaver (12 damage)
             ... on level 3 of the Spider Nest.
             The game lasted 01:36:50 (49717 turns).

Flugkiller the Nimble (Octopode Enchanter)         Turns: 49717, Time: 01:36:50

Health: -9/139     AC:  0    Str:  8    XL:     16   Next: 86%
Magic:  18/25      EV: 36    Int: 29    God:    Nemelex Xobeh [******]
Gold:   914        SH:  0    Dex: 29    Spells: 2/27 levels left

rFire    x x .     SeeInvis .     - Unarmed
rCold    + + +     Gourm    .   (shield currently unavailable)
rNeg     . . .     Faith    .   (helmet currently unavailable)
rPois    +         Spirit   .   T - amulet of the Furies {RegenMP Dex+7 Slay+2}
rElec    .         Reflect  .   r - +5 ring of evasion
rCorr    .         Harm     .   M - +4 ring of intelligence
MR       +....                  V - +3 ring of evasion
Stlth    +++.......             v - +6 ring of intelligence
HPRegen  0.33/turn              X - +3 ring of evasion
MPRegen  0.44/turn              b - ring of ice
                                C - +5 ring of dexterity
                                (no ring)

@: ice-form, corroded, very slightly contaminated
A: large, almost no armour, stealthy swim, amphibious, 8 rings, (constrict 8)
a: End Transformation, Draw Escape, Draw Destruction, Draw Summoning, Triple
Draw, Deal Four, Stack Five, Renounce Religion


You were on level 3 of the Spider Nest.
You worshipped Nemelex Xobeh.
Nemelex Xobeh was exalted by your worship.
You were hungry.
You were a creature of crystalline ice.
You visited 4 branches of the dungeon, and saw 27 of its levels.
You also visited: Bailey and Gauntlet.

You collected 3079 gold pieces.
You spent 2165 gold pieces at shops.

Inventory:

Hand Weapons
 D - a +6 scimitar of freezing (melded)
   (You took it off a wight on level 7 of the Dungeon)
Missiles
 s - 11 curare-tipped darts (quivered)
 G - 295 arrows
 Z - 12 throwing nets
Armour
 F - a +2 hat (melded)
   (You took it off Gastronok on level 1 of the Orcish Mines)
 Y - a +0 shield
   (You found it on level 15 of the Dungeon)
Jewellery
 a - an uncursed amulet of guardian spirit {unknown}
   (You found it on level 15 of the Dungeon)
 b - a ring of ice (on tentacle)
   (You found it on level 2 of the Spider Nest)
 r - a +5 ring of evasion (left front paw)
   (You bought it in a shop on level 5 of the Dungeon)
 v - a +6 ring of intelligence (on tentacle)
   (You bought it in a shop on level 5 of the Dungeon)
 C - a +5 ring of dexterity (on tentacle)
   (You found it on level 3 of the Spider Nest)
 M - a +4 ring of intelligence (right front paw)
   (You found it on level 2 of the Lair of Beasts)
 N - an uncursed amulet of regeneration {unknown}
   (You found it on level 4 of the Lair of Beasts)
 T - the amulet of the Furies (around neck) {RegenMP Dex+7 Slay+2}
   (You found it on level 6 of the Lair of Beasts)

   [amulet of magic regeneration]

   It increases your magic regeneration.
   It affects your dexterity (+7).
   It affects your accuracy and damage with ranged weapons and melee attacks
   (+2).
 V - a +3 ring of evasion (on tentacle)
   (You bought it in a shop on level 5 of the Dungeon)
 X - a +3 ring of evasion (on tentacle)
   (You bought it in a shop on level 5 of the Dungeon)
Wands
 q - a wand of iceblast (43)
   (You found it on level 3 of the Dungeon)
 u - a wand of digging (12)
   (You found it on level 4 of the Dungeon)
 w - a wand of flame (10)
   (You took it off Ijyb on level 5 of the Dungeon)
 y - a wand of paralysis (36)
   (You found it on level 5 of the Dungeon)
 H - a wand of disintegration (18)
   (You found it on level 1 of the Lair of Beasts)
 I - a wand of acid (18)
   (You found it on level 10 of the Dungeon)
 P - a wand of enslavement (10)
   (You found it on level 2 of the Spider Nest)
Scrolls
 g - 11 scrolls of remove curse
 h - 6 scrolls of teleportation
 i - 5 scrolls of amnesia
 j - a scroll of summoning {unknown}
 k - 3 scrolls of immolation
 l - 3 scrolls of magic mapping
 m - 6 scrolls of fog
 t - 8 scrolls of enchant armour
 Q - 2 scrolls of fear
 S - a scroll of vulnerability {unknown}
Potions
 c - a potion of lignification
 e - 4 potions of haste
 f - a potion of curing
 n - a potion of heal wounds
 o - 3 potions of berserk rage
 p - 2 potions of cancellation
 x - 4 potions of might
 z - 2 potions of mutation
 B - a potion of resistance
 E - a potion of ambrosia
 K - a potion of invisibility
 L - 2 potions of agility
 O - 4 potions of brilliance
Miscellaneous
 U - a lightning rod (4/4)
   (You found it in a Gauntlet)
 W - 2 phantom mirrors
Comestibles
 d - 41 rations


   Skills:
 + Level 12.9 Fighting
   Level 1.0(1.1) Short Blades
 - Level 0.8(1.1) Long Blades
 + Level 14.6 Dodging
 - Level 4.0 Stealth
 + Level 13.8 Unarmed Combat
 - Level 6.0 Spellcasting
 - Level 8.0 Hexes
 - Level 10.0 Transmutations
 - Level 11.0 Invocations
 - Level 5.4 Evocations


You had 2 spell levels left.
You knew the following spells:

 Your Spells              Type           Power        Failure   Level  Hunger
a - Corona                Hex            ######.      1%          1    None
b - Ensorcelled Hibernat  Hex/Ice        #####.       1%          2    None
c - Confuse               Hex            ######..     1%          3    None
d - Tukima's Dance        Hex            ######..     1%          3    None
e - Sticks to Snakes      Tmut           ######..     1%          2    None
f - Blade Hands           Tmut           ######....   2%          5    #####..
g - Yara's Violent Unrav  Hex/Tmut       ######....   3%          5    #####..
h - Ice Form              Ice/Tmut       ######..     7%          4    ###....

Your spell library contained the following spells:

 Spells                   Type           Power        Failure   Level  Hunger
 Beastly Appendage        Tmut           ######       1%          1    None
 Confusing Touch          Hex            ######       1%          1    None
 Passwall                 Tmut/Erth      #####...     1%          2    None
 Slow                     Hex            ######..     1%          2    None
 Freeze                   Ice            ##..         5%          1    None
 Infusion                 Chrm           #...         5%          1    None
 Sandblast                Erth           #.....       5%          1    None
 Shroud of Golubria       Chrm/Tloc      #.....       9%          2    None
 Song of Slaying          Chrm           #.......     9%          2    None
 Throw Frost              Conj/Ice       ##....       9%          2    None
 Cause Fear               Hex            ######....   1%          4    ###....
 Spider Form              Tmut/Pois      #####.....   2%          3    None
 Dazzling Spray           Conj/Hex       ####..       3%          3    None
 Inner Flame              Hex/Fire       ####....     3%          3    None
 Portal Projectile        Hex/Tloc       ####..       3%          3    None
 Spectral Weapon          Hex/Chrm       ####....     3%          3    None
 Ignite Poison            Fire/Tmut/Pois ####....     4%          3    None
 Petrify                  Tmut/Erth      #####...     7%          4    ###....
 Leda's Liquefaction      Hex/Erth       ####......   11%         4    ###....
 Gell's Gravitas          Tloc           #.........   17%         3    None
 Ozocubu's Armour         Chrm/Ice       ##......     17%         3    None
 Regeneration             Chrm/Necr      #.........   17%         3    None
 Stone Arrow              Conj/Erth      #.....       17%         3    None
 Metabolic Englaciation   Hex/Ice        #####.....   30%         5    #####..
 Silence                  Hex/Air        ####......   30%         5    #####..
 Summon Ice Beast         Ice/Summ       ##......     50%         4    ###....
 Throw Icicle             Conj/Ice       ##......     50%         4    ###....
 Bolt of Magma            Conj/Fire/Erth #.........   83%         5    #####..
 Fireball                 Conj/Fire      #.........   83%         5    #####..
 Iskenderun's Battlesphe  Conj/Chrm      #.......     83%         5    #####..
 Lee's Rapid Deconstruct  Erth           #.........   83%         5    #####..
 Venom Bolt               Conj/Pois      #.........   83%         5    #####..
 Bolt of Cold             Conj/Ice       ##........   100%        6    ######.
 Bolt of Fire             Conj/Fire      #.........   100%        6    ######.
 Deflect Missiles         Chrm/Air       #.........   100%        6    ######.
 Freezing Cloud           Conj/Ice/Air   ##........   100%        6    ######.
 Iron Shot                Conj/Erth      #.........   100%        6    ######.
 Ozocubu's Refrigeration  Ice            ##........   100%        6    ######.
 Simulacrum               Ice/Necr       ##........   100%        6    ######.
 Orb of Destruction       Conj           #.........   100%        7    #######
 Ring of Flames           Chrm/Fire      #.........   100%        7    #######
 Spellforged Servitor     Conj/Summ      #.........   100%        7    #######
 Discord                  Hex            ######....   100%        8    #######
 Ignition                 Fire           #.........   100%        8    #######


Dungeon Overview and Level Annotations

Branches:
Dungeon (15/15)            Temple (0/1) D:5            Lair (6/6) D:9
 Shoals (0/4) Lair:3       Spider (4/4) Lair:3        Slime (0/5) Lair:6
    Orc (2/2) D:11            Elf (0/3) Orc:2        Vaults (0/5) D:13
 Depths (0/5) D:15         Bailey (visited)         Gauntlet (visited)

Altars:
Cheibriados
Fedhas
Gozag
Hepliaklqana
Nemelex Xobeh
Okawaru
Qazlal
Ru
Sif Muna
Trog
Xom
Yredelemnul
Zin
Jiyva

Shops:
D:5 =   D:11 }   D:15 [*   Orc:2 (%((

Portals:
Trove: D:13 (give 8 potions of haste)

Annotations:
D:6 3 runed translucent doors, vurker's ghost, amateur KoHu
D:9 Erolcha
D:11 2 transporters, Laiders72's ghost, journeyman FoFi
D:14 1 transporter
Lair:1 exclusion: 2 oklob plants
Lair:2 exclusion: hydra
Spider:2 1 runed translucent door, vurker's ghost, adept FoFi


Innate Abilities, Weirdness & Mutations

You cannot wear most types of armour.
You are very stealthy in the water. (Stealth+)
You are amphibious.
You can wear up to eight rings at the same time.
((You can use your tentacles to constrict eight enemies at once.))
((Your skin changes colour to match your surroundings (Stealth+).))
((Your rubbery body absorbs attacks. (AC +1, EV +1)))


Message History

Press: ? - help, Shift-Dir - straight line, f/p - entropy weaver
Aim: an entropy weaver (softly glowing, chance to defeat MR: 39%)
The entropy weaver resists with some effort.
The entropy weaver completely misses you.
The entropy weaver closely misses you. The entropy weaver hits you! x2
Casting: Confuse (safe; 1% risk of failure)
Confirm with . or Enter, or press ? or * to list all spells.
Aiming: Confuse (safe; 1% risk of failure)
Press: ? - help, Shift-Dir - straight line, f/p - entropy weaver
Aim: an entropy weaver (softly glowing, chance to defeat MR: 39%)
The entropy weaver resists with some effort.
The entropy weaver misses you. The entropy weaver hits you!
* * * LOW HITPOINT WARNING * * *
The entropy weaver completely misses you. x2
Casting: Confuse (safe; 1% risk of failure)
Confirm with . or Enter, or press ? or * to list all spells.
Aiming: Confuse (safe; 1% risk of failure)
Press: ? - help, Shift-Dir - straight line, f/p - entropy weaver
Aim: an entropy weaver (softly glowing, chance to defeat MR: 39%)
The entropy weaver resists with some effort.
The entropy weaver hits you.
* * * LOW HITPOINT WARNING * * *
The entropy weaver misses you.
The entropy weaver completely misses you.
The entropy weaver hits you!
* * * LOW HITPOINT WARNING * * *
As you read the scroll of teleportation, it crumbles to dust.
You feel strangely unstable. The entropy weaver hits you.
* * * LOW HITPOINT WARNING * * *
The entropy weaver hits you!
* * * LOW HITPOINT WARNING * * *
The entropy weaver completely misses you.
The entropy weaver hits you!
* * * LOW HITPOINT WARNING * * *
The entropy weaver hits you!
* * * LOW HITPOINT WARNING * * *
The entropy weaver completely misses you.
The entropy weaver hits you.
* * * LOW HITPOINT WARNING * * *
The entropy weaver completely misses you.
Unknown command.
Blink to where?
Press: ? - help, Dir - move target cursor, p - entropy weaver You are very lightly contaminated with residual magic.
As you read the scroll of blinking, it crumbles to dust.
Your surroundings seem slightly different.
The entropy weaver completely misses you.
The entropy weaver hits you!
You die...
Your body glows with a rainbow of weird colours and disappears.

###....#...#...#..###....#....##.
.^#.##.....#^###.....§##..#......
.........#.##....#..#....#.##...#
#..#...#...#.^...#^...^...#..#..#
^##..#^#.#^#.#.#.#...##>##.#.####
....#...#...##..#..#..†.#..#^##
....#.#.#.....##).^#..#...#..^#
.#.#..#...#.#.#....#..[.....###
..#..#..#..##.#§Y#..#.##.##...#
..#.##...#.....^as..#.....^#.##
....#..#...#^####.#.^#.##.#^.#
.#.#...#...^.#...>^.....^..###
#^.#.#.#.#.#^##.^.#..##.##.#
^.###.####..#....#.#..#..### .<#
### ##....#..##....##.#### ###
###.####^.....#........#
#...#.....###^.#^..#>..#


You could see an entropy weaver and a tarantella.

Vanquished Creatures
  Gastronok (Orc:1)
  A ghost moth (Lair:3)
  An emperor scorpion (Spider:2)
  3 entropy weavers (Spider:3)
  Nessos (Orc:2)
  Azrael (Spider:1)
  A minotaur (Gauntlet)
  2 vault guards (D:13)
  A rakshasa (D:14)
  2 centaur warriors
  A two-headed ogre (D:13)
  3 death yaks (Lair:5)
  A vampire mage (D:15)
  5 orc high priests (Orc:2)
  Urug (D:10)
  A skeletal warrior (D:15)
  An unseen horror (D:11)
  An unseen horror (shapeshifter) (D:13)
  11 orc knights
  Pikel (D:7)
  17 wolf spiders
  8 orb spiders
  A harpy (shapeshifter) (D:15)
  A necromancer (D:15)
  A wolf spider zombie (D:15)
  5 manticores
  4 cyclopes
  2 moths of wrath (Spider:2)
  8 ugly things
  A frost giant zombie (D:15)
  A worldbinder (Gauntlet)
  4 torpor snails
  A gargoyle (D:13)
  3 black mambas
  3 komodo dragons
  A kobold demonologist (D:13)
  5 spiny frogs
  2 rime drakes (Lair:3)
  10 demonic crawlers
  2 freezing wraiths
  2 yaktaurs (D:13)
  2 efreet
  2 ice devils (D:12)
  2 tengu conjurers (D:13)
  A queen bee (D:10)
  A guardian mummy (D:15)
  5 trolls
  4 polar bears
  2 hornets
  18 jumping spiders
  2 merfolk (Lair:3)
  A spriggan zombie (D:15)
  Prince Ribbit (D:5)
  6 slime creatures
  13 hippogriffs
  6 blink frogs
  61 redbacks
  A shadow (D:14)
  An ice dragon skeleton (D:15)
  4 wraiths
  2 vampires
  3 wyverns
  23 tarantellas
  4 basilisks
  A human (D:13)
  36 yaks
  4 fire elementals (Spider:1)
  3 vampire mosquitoes (D:15)
  A dancing weapon (D:15)
  Edmund (D:4)
  A hungry ghost (D:10)
  5 soldier ants
  A warg (Orc:1)
  An acid dragon (D:11)
  3 hell hounds (Spider:1)
  7 water moccasins
  3 porcupines
  A tengu skeleton (D:15)
  A sky beast (D:9)
  33 orc warriors
  4 black bears
  A hornet zombie (D:15)
  4 necrophages
  An eye of draining (D:10)
  2 ice beasts
  2 phantoms
  3 boggarts (Gauntlet)
  5 wolves
  5 centaurs
  12 crocodiles
  7 ogres
  7 big kobolds
  14 bullfrogs
  9 gnoll sergeants
  5 scorpions
  30 killer bees
  2 howler monkeys
  14 wights
  An electric eel (Lair:6)
  6 crimson imps
  4 centaur zombies
  8 jellies
  A bullfrog zombie (D:9)
  8 hounds
  26 orc priests
  3 bullfrog skeletons
  6 gnoll shamans (Bailey)
  24 orc wizards
  4 centaur skeletons
  10 iguanas
  Ijyb (D:5)
  24 worker ants
  2 killer bee zombies
  2 worker ant zombies
  10 adders
  21 gnolls
  3 shadow imps
  A white imp (Gauntlet)
  6 oozes
  7 worms
  3 dart slugs
  5 leopard geckos
  86 orcs
  10 bats
  11 giant cockroaches
  4 goblins
  10 hobgoblins
  9 jackals
  33 kobolds
  7 quokkas
  5 frilled lizards
  A jackal skeleton (D:8)
  A quokka zombie (D:6)
  10 rats
  3 fungi (Lair:3)
  5 plants
897 creatures vanquished.

Vanquished Creatures (collateral kills)
  The ghost of vurker the Brawler, a journeyman TrHu (Lair:6)
  The ghost of hitsuchi the Brawler, a journeyman TrHu of Okawaru (Lair:6)
  The ghost of nht the Thrower, a journeyman MfBe of Trog (Lair:6)
  Snorg (Lair:5)
  3 hydras
  2 two-headed ogres
  3 death yaks (Lair:5)
  2 wizards (Gauntlet)
  An orc knight (Orc:2)
  An orc sorcerer (Orc:2)
  An ugly thing (D:15)
  A merfolk siren (Lair:3)
  2 black mambas
  A centaur skeleton (D:15)
  2 komodo dragons
  A merfolk (Lair:3)
  A polar bear (Lair:3)
  A hippogriff (Lair:5)
  7 yaks
  A steam dragon (Lair:3)
  A water moccasin (Lair:3)
  An orc warrior (D:11)
  An ogre (D:8)
  A gnoll (D:11)
  A shadow imp (Gauntlet)
  A white imp (Gauntlet)
  An orc (D:11)
41 creatures vanquished.

Vanquished Creatures (others)
  A spiny frog (Lair:6)
  3 dancing weapons
  A wolf (Lair:6)
  An orc wizard (D:7)
  2 fungi (Gauntlet)
  12 plants
  A withered plant (D:15)
21 creatures vanquished.

Grand Total: 959 creatures vanquished

Notes
Turn   | Place    | Note
-------+----------+-------------------------------------------
     0 | D:1      | Flugkiller the Octopode Enchanter began the quest for the
                  | Orb.
     0 | D:1      | Reached XP level 1. HP: 11/11 MP: 3/3
    55 | D:1      | Reached skill level 1 in Fighting
   107 | D:1      | Reached XP level 2. HP: 18/18 MP: 5/5
   842 | D:1      | Reached XP level 3. HP: 22/23 MP: 6/6
  1462 | D:3      | Reached skill level 5 in Hexes
  1462 | D:3      | Reached XP level 4. HP: 17/28 MP: 7/7
  1894 | D:2      | Found a sparkling altar of Nemelex Xobeh.
  1962 | D:2      | Became a worshipper of Nemelex Xobeh the Trickster
  2046 | D:2      | Reached XP level 5. HP: 34/34 MP: 8/8
  2072 | D:2      | Received a gift from Nemelex Xobeh
  2398 | D:3      | Found a blossoming altar of Fedhas.
  2995 | D:3      | Found a glowing silver altar of Zin.
  3099 | D:3      | Found a stormy altar of Qazlal.
  3196 | D:3      | Reached skill level 3 in Dodging
  3811 | D:3      | Found an opulent altar of Gozag.
  4014 | D:4      | Reached XP level 6. HP: 39/39 MP: 9/9
  4022 | D:4      | Reached * piety under Nemelex Xobeh
  4145 | D:4      | Reached skill level 4 in Dodging
  4222 | D:4      | Found a shimmering altar of Xom.
  4871 | D:4      | Reached skill level 5 in Dodging
  5178 | D:4      | Reached XP level 7. HP: 44/46 MP: 10/10
  5206 | D:4      | Reached skill level 1 in Invocations
  5474 | D:5      | Entered Level 5 of the Dungeon
  5634 | D:5      | Found a staircase to the Ecumenical Temple.
  5660 | D:5      | Noticed Ijyb
  5669 | D:5      | Killed Ijyb
  5695 | D:5      | Found Hocavofa's Jewellery Boutique.
  5733 | D:5      | Noticed Edmund
  5815 | D:4      | Killed Edmund
  5815 | D:4      | Reached skill level 1 in Evocations
  6133 | D:5      | Noticed Prince Ribbit
  6180 | D:5      | Reached XP level 8. HP: 31/52 MP: 11/11
  6186 | D:5      | Killed Prince Ribbit
  6186 | D:5      | Reached skill level 5 in Invocations
  6237 | D:5      | Found a basalt altar of Yredelemnul.
  6555 | D:6      | Received a gift from Nemelex Xobeh
  6712 | D:6      | Found a runed translucent gate.
  6712 | D:6      | Found a runed translucent gate.
  6714 | D:6      | Found a runed translucent gate.
  6717 | D:6      | Noticed vurker's ghost (amateur KoHu)
  6911 | D:6      | Learned a level 3 spell: Confuse
  6914 | D:6      | Learned a level 2 spell: Ensorcelled Hibernation
  6918 | D:6      | Learned a level 3 spell: Tukima's Dance
  7025 | D:6      | Received a gift from Nemelex Xobeh
  7283 | D:6      | Reached ** piety under Nemelex Xobeh
  7676 | D:6      | Found a runed translucent gate.
  7676 | D:6      | Found a runed translucent gate.
  7678 | D:6      | Found a runed translucent gate.
  7840 | D:6      | Reached skill level 5 in Evocations
  9095 | D:7      | Learned a level 2 spell: Sticks to Snakes
  9180 | D:7      | Reached XP level 9. HP: 46/58 MP: 13/13
  9347 | D:7      | Reached skill level 1 in Transmutations
  9372 | D:7      | Reached skill level 6 in Dodging
  9860 | D:7      | Noticed Pikel
  9921 | D:7      | Killed Pikel
  9921 | D:7      | Reached skill level 7 in Dodging
 10248 | D:7      | Found a sacrificial altar of Ru.
 10520 | D:8      | Received a gift from Nemelex Xobeh
 11006 | D:7      | Reached skill level 5 in Transmutations
 11703 | D:8      | Received a gift from Nemelex Xobeh
 11989 | D:8      | Found a viscous altar of Jiyva.
 12507 | D:9      | Found a staircase to the Lair.
 12521 | D:9      | Reached XP level 10. HP: 42/63 MP: 14/14
 12954 | D:8      | Noticed a black mamba
 12954 | D:8      | a hippogriff changed into a black mamba
 12958 | D:8      | Killed a black mamba
 13332 | D:9      | Reached *** piety under Nemelex Xobeh
 13336 | D:9      | Noticed Erolcha
 14122 | D:9      | Received a gift from Nemelex Xobeh
 14717 | D:8      | Good job, nemelex.
 14993 | D:9      | Found a hazy altar of Hepliaklqana.
 15362 | D:5      | Bought a +5 ring of evasion for 605 gold pieces
 15512 | D:9      | Found a snail-covered altar of Cheibriados.
 15564 | D:9      | Found a bloodstained altar of Trog.
 15565 | D:9      | Found an iron altar of Okawaru.
 15890 | Lair:1   | Entered Level 1 of the Lair of Beasts
 15899 | Lair:1   | Reached skill level 10 in Transmutations
 16659 | Lair:1   | Noticed a black mamba
 16675 | Lair:1   | Killed a black mamba
 16682 | Lair:1   | Learned a level 5 spell: Blade Hands
 17394 | Lair:1   | Reached skill level 1 in Unarmed Combat
 17746 | Lair:1   | Reached XP level 11. HP: 60/66 MP: 17/17
 18089 | Lair:1   | Reached skill level 10 in Fighting
 18089 | Lair:1   | Reached XP level 12. HP: 83/83 MP: 18/18
 18157 | Lair:1   | Received a gift from Nemelex Xobeh
 18708 | Lair:2   | Reached **** piety under Nemelex Xobeh
 18717 | Lair:2   | Received a gift from Nemelex Xobeh
 19168 | Lair:2   | Noticed a six-headed hydra
 19418 | Lair:3   | Noticed a seven-headed hydra
 19425 | Lair:3   | Killed a seven-headed hydra
 19425 | Lair:3   | Reached skill level 8 in Dodging
 19755 | Lair:3   | Reached skill level 5 in Unarmed Combat
 19956 | Lair:3   | Received a gift from Nemelex Xobeh
 20403 | Lair:3   | Found a hole to the Spider Nest.
 20490 | Lair:3   | Reached skill level 9 in Dodging
 20547 | Lair:3   | Found a staircase to the Shoals.
 20561 | Lair:3   | WOOOOOOOOOOOOW
 21034 | Lair:3   | please stop bitch
 21785 | Lair:3   | Received a gift from Nemelex Xobeh
 23302 | Lair:4   | Reached ***** piety under Nemelex Xobeh
 23456 | Lair:5   | Received a gift from Nemelex Xobeh
 23529 | Lair:5   | Noticed a death yak
 23530 | Lair:5   | Noticed a death yak
 23555 | Lair:5   | Noticed a death yak
 23555 | Lair:5   | Noticed a death yak
 23556 | Lair:5   | Noticed a death yak
 23557 | Lair:5   | Killed a death yak
 23557 | Lair:5   | Noticed a death yak
 23566 | Lair:5   | Killed a death yak
 23577 | Lair:5   | Identified the +1 trident of Starshine {speed, -Tele rPois
                  | Int+9 Dex-4}
 23580 | Lair:5   | Killed a death yak
 23583 | Lair:5   | Killed a death yak
 23583 | Lair:5   | Reached XP level 13. HP: 82/92 MP: 2/19
 23933 | Lair:5   | Noticed Snorg
 23953 | Lair:4   | Reached skill level 10 in Unarmed Combat
 24296 | Lair:5   | Killed Snorg
 24548 | Lair:5   | Received a gift from Nemelex Xobeh
 24705 | Lair:6   | Entered Level 6 of the Lair of Beasts
 24714 | Lair:6   | Received a gift from Nemelex Xobeh
 25679 | Lair:6   | Found a staircase to the Slime Pits.
 26293 | Lair:6   | Found a runed translucent gate.
 26294 | Lair:6   | Found a runed translucent gate.
 26298 | Lair:6   | Found a runed translucent gate.
 26300 | Lair:6   | Noticed hitsuchi's ghost (journeyman TrHu)
 26303 | Lair:6   | Noticed nht's ghost (journeyman MfBe)
 26303 | Lair:6   | Noticed vurker's ghost (journeyman TrHu)
 27125 | Lair:6   | Killed hitsuchi's ghost
 27148 | Lair:6   | Killed nht's ghost
 27148 | Lair:6   | Killed vurker's ghost
 27181 | Lair:6   | Got a glittering sapphire amulet
 27182 | Lair:6   | Identified the amulet of the Furies {RegenMP Dex+7 Slay+2}
                  | (You found it on level 6 of the Lair of Beasts)
 27390 | D:10     | Entered Level 10 of the Dungeon
 27635 | D:10     | Noticed Urug
 27664 | D:10     | Killed Urug
 27926 | D:10     | Received a gift from Nemelex Xobeh
 28265 | D:10     | Reached skill level 10 in Dodging
 28347 | D:10     | Reached XP level 14. HP: 62/101 MP: 15/20
 29346 | D:11     | Found a staircase to the Orcish Mines.
 29348 | D:11     | Received a gift from Nemelex Xobeh
 29858 | D:11     | Found a transporter.
 29858 | D:11     | Noticed Laiders72's ghost (journeyman FoFi)
 29858 | D:11     | Identified the +10 great mace "Idizimole" {flame, rElec
                  | rC+}
 29858 | D:11     | Identified the cursed +1 dire flail of Success {drain,
                  | rElec}
 29860 | D:11     | Found a transporter.
 29946 | D:11     | Found Ykhlei Luhe's Gadget Boutique.
 30497 | D:11     | Received a gift from Nemelex Xobeh
 30696 | D:11     | Found a shimmering blue altar of Sif Muna.
 30821 | D:12     | Reached skill level 11 in Dodging
 30854 | D:12     | Received a gift from Nemelex Xobeh
 30879 | D:12     | Found a frozen archway.
 31126 | D:12     | Found a gate leading to a gauntlet.
 31139 | Gauntlet | Entered a Gauntlet
 31139 | Gauntlet | Found a transporter.
 31139 | Gauntlet | Found a transporter.
 31153 | Gauntlet | Found a transporter.
 31162 | Gauntlet | Found a transporter.
 31164 | Gauntlet | Found a transporter.
 31168 | Gauntlet | Found a runed translucent door.
 31168 | Gauntlet | Found a runed translucent door.
 31172 | Gauntlet | Found a transporter.
 31190 | Gauntlet | Found a transporter.
 31207 | Gauntlet | Found a transporter.
 31210 | Gauntlet | Found a transporter.
 31220 | Gauntlet | Found a transporter.
 31223 | Gauntlet | Found a transporter.
 31257 | Gauntlet | Found a transporter.
 31267 | Gauntlet | Received a gift from Nemelex Xobeh
 31490 | Gauntlet | Got a slimy hat
 31501 | Gauntlet | Identified the -5 hat of Noon {rPois Regen+ Int-3 Dex+2}
                  | (You found it in a Gauntlet)
 31509 | Gauntlet | Noticed a shadow dragon
 31513 | Gauntlet | Noticed an iron giant
 31513 | Gauntlet | a shadow dragon changed into an iron giant
 31516 | Gauntlet | Noticed a shard shrike
 31516 | Gauntlet | an iron giant changed into a shard shrike
 31517 | Gauntlet | Noticed an acid blob
 31517 | Gauntlet | a shard shrike changed into an acid blob
 31518 | Gauntlet | Noticed a frost giant
 31518 | Gauntlet | an acid blob changed into a frost giant
 31530 | Gauntlet | Noticed a quicksilver dragon
 31530 | Gauntlet | a frost giant changed into a quicksilver dragon
 31572 | Gauntlet | Noticed a dire elephant
 31572 | Gauntlet | Noticed an azure jelly
 31572 | Gauntlet | a dire elephant changed into an azure jelly
 31575 | Gauntlet | an azure jelly changed into a minotaur
 31587 | Gauntlet | Got an ivory short sword
 32064 | D:12     | Received a gift from Nemelex Xobeh
 32600 | D:13     | Reached ****** piety under Nemelex Xobeh
 32657 | D:13     | Reached skill level 12 in Dodging
 32794 | D:13     | Found a portal to a secret trove of treasure.
 32854 | D:13     | Found a flagged portal.
 32876 | Bailey   | Entered a bailey
 33772 | D:13     | Received a gift from Nemelex Xobeh
 34300 | D:13     | Reached skill level 13 in Dodging
 34333 | D:13     | Found a gate to the Vaults.
 34665 | D:14     | Identified the +1 short sword of Peace {pierce, rC+ rN+}
                  | (You found it in a Gauntlet)
 34667 | D:14     | Identified a scroll of acquirement
 35070 | D:14     | Reached skill level 10 in Invocations
 35139 | D:14     | Reached XP level 15. HP: 94/106 MP: 22/22
 35382 | D:14     | Found a transporter.
 35384 | D:14     | Found a corrupted altar of Lugonu.
 36344 | D:15     | Entered Level 15 of the Dungeon
 36405 | D:15     | Received a gift from Nemelex Xobeh
 36450 | D:15     | Found Ocalack's Assorted Antiques.
 36766 | D:15     | Found a staircase to the Depths.
 36887 | D:15     | Received a gift from Nemelex Xobeh
 37133 | D:15     | Found Muiz's Antique Armour Emporium.
 38425 | Orc:1    | Entered Level 1 of the Orcish Mines
 38425 | Orc:1    | Received a gift from Nemelex Xobeh
 38425 | Orc:1    | Noticed Gastronok
 38451 | Orc:1    | Killed Gastronok
 38579 | Orc:2    | Entered Level 2 of the Orcish Mines
 38794 | Orc:2    | Received a gift from Nemelex Xobeh
 38844 | Orc:2    | Noticed Nessos
 38852 | Orc:2    | Killed Nessos
 38968 | Orc:2    | Found a staircase to the Elven Halls.
 39023 | Orc:2    | Paralysed by an orc sorcerer for 3 turns
 40874 | Orc:2    | Received a gift from Nemelex Xobeh
 41687 | Orc:2    | Found Cisih's Antique Weapon Shop.
 41687 | Orc:2    | Found Hanipn's Antique Weapon Shop.
 41688 | Orc:2    | Found Koseli's Antique Weapon Shop.
 41688 | Orc:2    | Found Guwoac's Food Boutique.
 41885 | D:5      | Bought a +6 ring of intelligence for 643 gold pieces
 41885 | D:5      | Bought a +3 ring of evasion for 231 gold pieces
 41885 | D:5      | Bought a +3 ring of evasion for 231 gold pieces
 41935 | D:5      | Learned a level 5 spell: Yara's Violent Unravelling
 42078 | Spider:1 | Entered Level 1 of the Spider Nest
 42691 | D:15     | Bought a potion of curing for 105 gold pieces
 42691 | D:15     | Bought a potion of haste for 350 gold pieces
 43236 | Lair:3   | Killed a ghost moth
 43954 | Spider:1 | Received a gift from Nemelex Xobeh
 43969 | Spider:1 | Reached XP level 16. HP: 111/114 MP: 19/24
 44231 | Spider:1 | Noticed Azrael
 44380 | Spider:1 | Received a gift from Nemelex Xobeh
 44528 | Spider:1 | Killed Azrael
 44750 | Spider:1 | Reached skill level 5 in Spellcasting
 45671 | Spider:1 | Learned a level 4 spell: Ice Form
 45797 | Spider:2 | Received a gift from Nemelex Xobeh
 45956 | Spider:2 | Received a gift from Nemelex Xobeh
 45981 | Spider:2 | Reached skill level 14 in Dodging
 46617 | Spider:2 | Found a runed translucent door.
 46618 | Spider:2 | Noticed vurker's ghost (adept FoFi)
 46827 | Spider:3 | Received a gift from Nemelex Xobeh
 47535 | Spider:3 | Received a gift from Nemelex Xobeh
 49050 | Spider:4 | Entered Level 4 of the Spider Nest
 49716 | Spider:3 | HP: 3/139 [entropy weaver (6)]
 49717 | Spider:3 | Mangled by an entropy weaver

Levels and vault maps discovered:
D:1:      dpeg_arrival_shelter, layout_basic
D:2:      layout_rooms, lemuel_crystal_altar, grunt_ministairs_12
D:3:      layout_rooms, grunt_temple_overflow_forces_of_nature,
          nicolae_overflow_crystal_walls, nicolae_overflow_hidden_temple,
          lemuel_doored_altar, chequers_jeans
D:4:      layout_gridville, kennysheep_mini_moat, kennysheep_generic_room_12
D:5:      layout_loops_ring, overflow_temple_1_default,
          minmay_temple_entry_gardened_gates, first_ration,
          minmay_shop_enchanted_jewellery, uniq_prince_ribbit1, uniq_edmund,
          uniq_ijyb
D:6:      layout_gridville, gammafunk_ghost_split
D:7:      layout_rooms, lemuel_round_altar, uniq_pikel
D:8:      layout_basic, hangedman_little_slice_of_home, bh_walls_and_bars
D:9:      layout_cave_pools, grunt_temple_overflow_bloody_war,
          kennysheep_little_box, slow_altar_2, lair_entry_dummy, serial_undead,
          serial_undead_a, serial_undead_b, serial_undead_b, serial_undead_b,
          uniq_erolcha
D:10:     layout_roguey, special_room [special_room_bee], minmay_lizard_king,
          uniq_urug
D:11:     layout_rooms, orc_david_3, gammafunk_ghost_smash, serial_shops,
          nicolae_shop_trees, lemuel_blue_sif_altar
D:12:     layout_irregular_city, gauntlet_entry_generic,
          portal_ice_cave_demonic_guard, nrook_uturn
D:13:     layout_rooms, grunt_vaults_entry_fortified, trove_entry_hex_spiral,
          enter_bailey_2
D:14:     gammafunk_corrupted_shrine, layout_loops_corners,
          chequers_serial_rivers_micro_c, minmay_unpleasant_kobolds
D:15:     gammafunk_depths_entry_grave, layout_irregular_city, serial_shops,
          nicolae_shop_behind_doors, nicolae_shop_stone, hangedman_decor_lopped
Lair:1:   layout_regular_city, chequers_serial_rivers_room_a,
          minmay_lair_oklob_chamber
Lair:2:   layout_regular_city, serial_bayou_shore_b
Lair:3:   beast_lair_carwin_large_2, layout_small_grid,
          elwin_shoals_entry_stream, nicolae_spider_entry_non_spiders,
          nicolae_lair_grove_arrangements, nicolae_quartered_pool_little
Lair:4:   layout_gridlike
Lair:5:   layout_cave_shapes, uniq_snorg
Lair:6:   due_jungle_book, layout_gridlike, minmay_slime_entry_pillars,
          gammafunk_ghost_cemetery
Spider:1: layout_chambers, hangedman_spider_mandibles, uniq_azrael
Spider:2: layout_spider_delve, ebering_ghost_reflecting_pool
Spider:3: layout_spider_delve
Spider:4: spider_rune_water, gammafunk_ghost_tricky_traps,
          minmay_another_anthill
Orc:1:    layout_caves, david_defended_altar_orc, uniq_gastronok
Orc:2:    st_orc_pillars, layout_caves, uniq_nessos

Skill      XL: |  1  2  3  4  5  6  7  8  9 10 11 12 13 14 15 16 |
---------------+-------------------------------------------------+-----
Fighting       | 1 2 3 4 10 11 12 | 12.9
Hexes          | 5 7 8 |  8.0
Dodging        | 3 5 7 9 10 13 14 | 14.6
Invocations    | 4 5 9 10 11 | 11.0
Evocations     | 2 5 |  5.4
Transmutations | 7 10 | 10.0
Spellcasting   | 4 6 |  6.0
Unarmed Combat | 1 9 10 12 13 | 13.8
Short Blades   | |  1.0
Long Blades    | |  0.8
Stealth        | |  4.0

Action                   |  1- 3 |  4- 6 |  7- 9 | 10-12 | 13-15 | 16-18 || total
-------------------------+-------+-------+-------+-------+-------+-------++-------
Melee: Dagger            |    66 |   175 |   133 |       |       |       ||   374
       Constrict         |    14 |    50 |    57 |    49 |   203 |    30 ||   403
       Tentacles         |    11 |    31 |    51 |    86 |   262 |    23 ||   464
       Scimitar          |       |       |   145 |   361 |   339 |    17 ||   862
       Falchion          |       |       |     7 |       |       |       ||     7
       Punch             |       |       |       |    14 |   126 |    15 ||   155
       Unarmed           |       |       |       |       |   749 |   413 ||  1162
Throw: Dart              |       |       |       |     9 |     3 |       ||    12
 Cast: Confuse           |       |       |     4 |    54 |    81 |    40 ||   179
       Sticks to Snakes  |       |       |       |    21 |    20 |     5 ||    46
       Ensorcelled Hiber |       |       |       |     2 |     1 |       ||     3
       Blade Hands       |       |       |       |     1 |   108 |    11 ||   120
       Tukima's Dance    |       |       |       |       |    40 |       ||    40
       Corona            |       |       |       |       |     6 |     6 ||    12
       Yara's Violent Un |       |       |       |       |     4 |       ||     4
       Ice Form          |       |       |       |       |       |    21 ||    21
Invok: Triple Draw       |       |       |       |     1 |     3 |       ||     4
 Abil: Draw Destruction  |       |       |    12 |    17 |    11 |       ||    40
       Draw Summoning    |       |       |       |     9 |    13 |       ||    22
       Draw Escape       |       |       |       |       |     2 |       ||     2
       End Transformatio |       |       |       |       |     4 |     1 ||     5
Evoke: Wand              |       |       |     3 |     2 |     2 |       ||     7
  Use: Scroll            |     2 |     1 |    13 |    11 |    17 |     5 ||    49
       Potion            |     2 |     4 |     2 |     3 |     2 |     1 ||    14
 Stab: Sleeping          |    14 |     6 |    12 |    12 |    22 |     4 ||    70
       Distracted        |       |     1 |       |     1 |     9 |     2 ||    13
       Confused          |       |       |     1 |    17 |    37 |    28 ||    83
  Eat: Chunk             |     1 |    10 |    27 |    38 |    68 |     9 ||   153
       Ration            |       |     1 |     2 |       |    10 |     4 ||    17
Armor: Skin              |    14 |    15 |    14 |    11 |     9 |    41 ||   104
Dodge: Dodged            |    57 |   138 |   217 |   515 |  1203 |   761 ||  2891
       Rpst.: Scimitar   |       |       |    36 |   118 |   117 |    12 ||   283
       Falchion          |       |       |     1 |       |       |       ||     1

Table legend:
 A = Non-vault XP
 B = Vault XP
 C = Vault XP percentage of total XP
 D = Non-vault monster count
 E = Vault monster count
 F = Vault count percentage of total count
                 A         B        C        D         E       F
            +---------+---------+-------+---------+---------+-------
      Total |  121854 |   43081 |  26.1 |     696 |     236 |  25.3
            +---------+---------+-------+---------+---------+-------
        D:1 |      34 |       0 |   0.0 |      18 |       0 |   0.0
        D:2 |      66 |       4 |   5.7 |      31 |       2 |   6.1
        D:3 |     192 |       0 |   0.0 |      30 |       0 |   0.0
        D:4 |     437 |     173 |  28.4 |      17 |       1 |   5.6
        D:5 |     482 |     304 |  38.7 |       8 |       2 |  20.0
        D:6 |     587 |       0 |   0.0 |      14 |       0 |   0.0
        D:7 |     766 |     629 |  45.1 |      19 |       1 |   5.0
        D:8 |    1379 |     162 |  10.5 |      37 |       8 |  17.8
        D:9 |    2209 |     625 |  22.1 |      29 |       7 |  19.4
       D:10 |    3669 |    3020 |  45.1 |      25 |      36 |  59.0
       D:11 |    6909 |     641 |   8.5 |      74 |       7 |   8.6
       D:12 |    3524 |     677 |  16.1 |      26 |       2 |   7.1
       D:13 |    6065 |    5372 |  47.0 |      14 |      10 |  41.7
       D:14 |    7507 |     306 |   3.9 |      30 |       6 |  16.7
       D:15 |    8014 |    3669 |  31.4 |      30 |       8 |  21.1
     Lair:1 |    1728 |     115 |   6.2 |       8 |       1 |  11.1
     Lair:2 |    2148 |       0 |   0.0 |      11 |       0 |   0.0
     Lair:3 |    7307 |    2383 |  24.6 |      25 |      18 |  41.9
     Lair:4 |    1782 |       0 |   0.0 |       8 |       0 |   0.0
     Lair:5 |    8456 |     576 |   6.4 |      29 |       1 |   3.3
     Lair:6 |    7297 |    2886 |  28.3 |      32 |       7 |  17.9
   Spider:1 |   13474 |    2508 |  15.7 |      41 |       8 |  16.3
   Spider:2 |   13216 |       0 |   0.0 |      36 |       0 |   0.0
   Spider:3 |   18463 |     157 |   0.8 |      58 |       1 |   1.7
   Spider:4 |    2401 |     674 |  21.9 |       9 |       9 |  50.0
      Orc:1 |    1222 |    3678 |  75.1 |      11 |       5 |  31.2
      Orc:2 |    2520 |   10349 |  80.4 |      26 |      54 |  67.5
     Bailey |       0 |    1204 | 100.0 |       0 |      30 | 100.0
   Gauntlet |       0 |    2969 | 100.0 |       0 |      12 | 100.0
            +---------+---------+-------+---------+---------+-------
